 Dungeon Crawl Stone Soup version 0.28-a0-750-g7c675f85b1 (webtiles) character file.

Game seed: 4867016202607164707

9 ytrimaz the Ducker (level 2, 22/22 HPs)
             Began as a Demonspawn Gladiator on Oct 29, 2021.
             Quit the game on level 1 of the Dungeon.
             The game lasted 00:00:38 (363 turns).

ytrimaz the Ducker (Demonspawn Gladiator)            Turns: 363, Time: 00:00:38

Health: 22/22      AC:  4    Str: 14    XL:     2   Next: 6%
Magic:  2/2        EV: 12    Int:  9    God:
Gold:   14         SH:  0    Dex: 14    Spells: 1/1 levels left

rFire   . . .      SeeInvis .   a - +0 war axe
rCold   . . .      Faith    .   (no shield)
rNeg    . . .      Spirit   .   b - +0 leather armour
rPois   .          Reflect  .   c - +0 helmet
rElec   .          Harm     .   (no cloak)
rCorr   .          Rampage  .   (no gloves)
Will    .....                   (no boots)
Stlth   +.........              (no amulet)
HPRegen 0.07/turn               (no ring)
MPRegen 0.08/turn               (no ring)

@: no status effects
A: demonic magic 1
a: no special abilities


You were on level 1 of the Dungeon.
You visited 1 branch of the dungeon, and saw 1 of its levels.

You collected 14 gold pieces.

Inventory:

Hand Weapons
 a - a +0 war axe (weapon)
Missiles
 d - 3 throwing nets (quivered)
Armour
 b - a +0 leather armour (worn)
 c - a +0 helmet (worn)


   Skills:
 + Level 2.1 Fighting
 + Level 2.9 Axes
 - Level 1.7 Throwing
 + Level 3.0 Dodging


You had one spell level left.
You didn't know any spells.
Your spell library was empty.

Dungeon Overview and Level Annotations

Branches:
Dungeon (1/15)

Altars:

Shops:
D:1 ?


Innate Abilities, Weirdness & Mutations

Spells you cast may paralyse adjacent enemies.


Message History

You slash the rat!
You kill the rat!
A frilled lizard comes into view.
Found a scroll labelled FIWYZO NOHOUR.
A hobgoblin comes into view.
Found a stone staircase leading down.
A frilled lizard comes into view.
You see here a +0 robe.
You hit the frilled lizard.
You kill the frilled lizard!
Your Dodging skill increases to level 3!
You have reached level 2!
Your demonic ancestry asserts itself...
A menacing aura infuses your magic.
You see here a scroll labelled FIWYZO NOHOUR.
You see here a scroll labelled XAULUG ECWU.
You see here a +0 robe.
You slash the hobgoblin!
You kill the hobgoblin!
You see here a hobgoblin corpse.
You see here a hobgoblin corpse.
You see here a +0 robe.
e - a scroll labelled FIWYZO NOHOUR You see here a +0 robe.
f - a scroll labelled XAULUG ECWU
As you read the scroll labelled FIWYZO NOHOUR, it crumbles to dust.
A profound silence engulfs you.
It was a scroll of silence.
Unknown command.
Magic scrolls do not work when you're silenced!
You start waiting.
Your hearing returns.
You start waiting.
Done waiting.
As you read the scroll labelled XAULUG ECWU, it crumbles to dust.
You feel strangely unstable.
It was a scroll of teleportation.
Your surroundings suddenly seem different.
An endoplasm and a dart slug come into view.
Found a dagger.
The endoplasm quivers.
The endoplasm jiggles.
Are you sure you want to abandon this character and quit the game? (Confirm with "yes".)

........##
.........##
...w...... .
.........#####..
...............
............. .#
#...)...P.. #. #
#..@...PP ..### . .#
#...........#.^.# .#
#.......... ..#. #.
#..J....... #.. .#
#.......... #.###.#.
#...........#.......
#.............[#.###
#..........###†#....
.........#....


You could see a dart slug (asleep) and an endoplasm.

Vanquished Creatures
  A ball python (D:1)
  A bat (D:1)
  2 hobgoblins (D:1)
  2 frilled lizards (D:1)
  2 goblins (D:1)
  A rat (D:1)
9 creatures vanquished.

Notes
Turn   | Place    | Note
-------+----------+-------------------------------------------
     0 | D:1      | ytrimaz the Demonspawn Gladiator began the quest for the
                  | Orb.
     0 | D:1      | Reached XP level 1. HP: 16/16 MP: 1/1
   185 | D:1      | Found Niliukhoi's Magic Scroll Shop.
   223 | D:1      | Reached skill level 3 in Dodging
   223 | D:1      | Gained mutation: Spells you cast may paralyse adjacent
                  | enemies. [demonic ancestry]
   223 | D:1      | Reached XP level 2. HP: 22/22 MP: 2/2
   363 | D:1      | Quit the game

Illustrated notes

Levels and vault maps discovered:
D:1:      dpeg_arrival_tiny_a, layout_basic, serial_shops, shop, shop_fountains,
          serial_forest, infiniplex_forest_join, infiniplex_forest_clump_tiny,
          infiniplex_forest_end_double, infiniplex_forest_lined_3,
          infiniplex_forest_clump_curved, infiniplex_forest_fountain,
          infiniplex_forest_lined_3, roderic_roman_lattice, minmay_tromino_i4

Skill      XL: |  1 |
---------------+----+-----
Dodging        | 3 |  3.0
Fighting       | |  2.1
Axes           | |  2.9
Throwing       | |  1.7

Action                   || total
-------------------------++-------
Melee: War axe           ||    15
  Use: Scroll            ||     2
Armor: Leather armour    ||    15
Dodge: Dodged            ||    11

Table legend: (Time is in decaauts)
 A = Elapsed time spent in this place.
 B = Non-inter-level travel time spent in this place.
 C = Inter-level travel time spent in this place.
 D = Time resting spent in this place.
 E = Time spent auto-exploring this place.
 F = Levels seen in this place.
 G = Mean time per level.
                   A        B        C        D        E       F      G
               +--------+--------+--------+--------+--------+-----+--------+
         Total |    368 |    368 |      0 |    119 |    172 |   1 |  368.0 |
       Dungeon |    368 |    368 |      0 |    119 |    172 |   1 |  368.0 |
               +--------+--------+--------+--------+--------+-----+--------+

Top non-repeatable levels by time:
     D:1: 368 daAuts
